 Dungeon Crawl Stone Soup version 0.28.0-1-gb440e238dd (webtiles) character file.

Game seed: 12657112713687903943

10365 hikkokomori the Geomancer (level 11, -27/69 HPs)
             Began as a Gargoyle Earth Elementalist on Feb 21, 2022.
             Was an Elder of Sif Muna.
             Annihilated by a boulder beetle (46 damage)
             ... on level 10 of the Dungeon.
             The game lasted 00:38:05 (13691 turns).

hikkokomori the Geomancer (GrEE)                   Turns: 13691, Time: 00:38:06

Health: -27/69     AC: 17    Str: 14    XL:     11   Next: 61%
Magic:  12/18      EV: 12    Int: 18    God:    Sif Muna [****..]
Gold:   696        SH:  0    Dex: 10    Spells: 10/20 levels left

rFire   + . .      SeeInvis .   q - +4 flail (vorpal)
rCold   x . .      Faith    .   (no shield)
rNeg    + . .      Spirit   .   B - +0 steam dragon scales
rPois   ∞          Reflect  .   (no helmet)
rElec   +          Harm     .   (no cloak)
rCorr   .          Rampage  .   y - +0 pair of gloves
Will    .....                   P - +1 pair of boots
Stlth   ++........              (no amulet)
HPRegen 0.21/turn               d - ring of fire
MPRegen 0.16/turn               m - ring of wizardry

@: no status effects
A: sickness immunity, AC +8, negative energy resistance 1, electricity
resistance, torment resistance 1, petrification resistance
a: Renounce Religion, Channel Magic, Forget Spell, Divine Exegesis


You were on level 10 of the Dungeon.
You worshipped Sif Muna.
Sif Muna was greatly pleased with you.
You visited 1 branch of the dungeon, and saw 11 of its levels.
You also visited: Ossuary.

You collected 1031 gold pieces.
You spent 335 gold pieces at shops.

Inventory:

Hand Weapons
 q - a +4 vorpal flail (weapon)
 A - a +0 scimitar of flaming
 J - a +0 morningstar
Missiles
 z - 84 stones
Armour
 c - the +0 pair of gloves "Five" {rF+ Will- Str+2}
   (You found it on level 9 of the Dungeon)

   Str:       It affects your strength (+2).
   rF:        It protects you from fire.
   Will:      It decreases your willpower.
 e - the +2 leather armour of Privacy {rC+++ Int-5 Dex+4}
   (You found it on level 9 of the Dungeon)

   Int:       It affects your intelligence (-5).
   Dex:       It affects your dexterity (+4).
   rC:        It renders you almost immune to cold.
 y - a +0 pair of gloves (worn)
 B - +0 steam dragon scales (worn)
 H - the +3 leather armour "Xoics" {Harm Rampage rN+ Dex+3}
   (You bought it in a shop on level 6 of the Dungeon)

   Dex:       It affects your dexterity (+3).
   rN:        It protects you from negative energy.
   Harm:      It increases damage dealt and taken.
   Rampage:   It bestows one free step when moving towards enemies.
 P - a +1 pair of boots (worn)
 R - a +0 chain mail
Jewellery
 d - a ring of fire (left hand)
 l - a ring of willpower
 m - a ring of wizardry (right hand)
 w - a +6 ring of strength
 O - an amulet of guardian spirit
Wands
 b - a wand of acid (8)
 s - a wand of paralysis (8)
 E - a wand of charming (3)
 G - a wand of flame (10)
 I - a wand of digging (6)
 K - a wand of mindburst (15)
 N - a wand of iceblast (8)
Scrolls
 a - 5 scrolls of teleportation
 g - 3 scrolls of identify
 n - 3 scrolls of fog
 t - 3 scrolls of blinking
 C - a scroll of immolation
 D - a scroll of magic mapping {unknown}
 L - a scroll of torment {unknown}
Potions
 f - 2 potions of mutation
 h - a potion of berserk rage {unknown}
 i - 2 potions of flight
 j - 6 potions of heal wounds
 k - a potion of ambrosia
 o - 5 potions of curing
 p - 2 potions of resistance
 r - a potion of might
 u - 2 potions of haste
 v - 3 potions of attraction
 x - 2 potions of lignification
 M - a potion of brilliance
Miscellaneous
 F - a condenser vane


   Skills:
 + Level 8.4 Fighting
 - Level 7.2 Maces & Flails
 - Level 4.6 Armour
 - Level 1.7 Dodging
 - Level 4.6 Stealth
 - Level 5.0 Spellcasting
 - Level 6.6 Conjurations
 - Level 1.0 Transmutations
 - Level 7.3 Fire Magic
 - Level 9.1 Earth Magic
 + Level 1.6 Invocations
 + Level 2.1 Evocations


You had 10 spell levels left.
You knew the following spells:

 Your Spells              Type           Power      Damage    Failure   Level
a - Sandblast             Erth           74%        2d16      1%          1
b - Stone Arrow           Conj/Erth      64%        3d11      1%          3
c - Flame Wave            Conj/Fire      44%        2d10      3%          4
d - Passwall              Tmut/Erth      18%        N/A       1%          2

Your spell library contained the following spells:

 Spells                   Type           Power      Damage    Failure   Level
 Foxfire                  Conj/Fire      100%       2x1d9     1%          1
 Conjure Flame            Conj/Fire      44%        6-21      1%          3
 Inner Flame              Hex/Fire       26%        N/A       3%          3
 Sticky Flame             Conj/Fire      44%        2d6       3%          4
 Summon Small Mammal      Summ           16%        N/A       5%          1
 Ignite Poison            Fire/Tmut/Pois 21%        N/A       5%          3
 Petrify                  Tmut/Erth      22%        N/A       6%          4
 Corpse Rot               Necr/Air       8%         N/A       9%          2
 Poisonous Vapours        Pois/Air       8%         N/A       9%          2
 Call Canine Familiar     Summ           4%         N/A       16%         3
 Summon Guardian Golem    Hex/Summ       4%         N/A       16%         3
 Metabolic Englaciation   Hex/Ice        2%         N/A       78%         5
 Statue Form              Tmut/Erth      Unusable   N/A       N/A         6

Dungeon Overview and Level Annotations

Branches:
Dungeon (11/15)            Temple (0/1) D:5            Lair (0/6) D:8
Ossuary (visited)
    Orc: D:9-12

Altars:
Fedhas
Gozag
Hepliaklqana
Makhleb
Nemelex Xobeh
Okawaru
Qazlal
Ru
Sif Muna
Xom
The Shining One

Shops:
D:4 ?   D:6 *

Annotations:
D:3 1 runed translucent door, Beepinex's ghost, amateur DsFi
D:7 3 runed translucent doors, suduhmizer's ghost, novice TrEE


Innate Abilities, Weirdness & Mutations

You are immune to sickness and miasma.
Your stone body is resilient. (AC +8)
You are immune to poison.
You resist negative energy. (rN+)
You are resistant to electric shocks. (rElec)
You are resistant to unholy torment.
You are immune to petrification.


Message History

The troll claws you but does no damage. The boulder beetle bites you!
The troll bites you but does no damage. The troll closely misses you.
The troll completely misses you.
Casting: Stone Arrow (safe; 1% risk of failure)
Confirm with . or Enter, or press ? or * to list all spells.
Casting: Flame Wave (dangerous; 3% risk of failure)
Press: ? - help, Dir - look around, f - activate You feel a surge of power!
A wave of flame ripples out!
The flame wave engulfs the troll!
The troll is lightly wounded. (Press . to intensify the flame waves.)
The troll completely misses you. The troll closely misses you.
The troll claws you.
A wave of flame ripples out!
The flame wave engulfs the troll!
The troll is moderately wounded.
The flame wave engulfs the boulder beetle!
The boulder beetle is lightly wounded.
The troll closely misses you. The troll claws you.
The troll claws you but does no damage.
A wave of flame ripples out!
The flame wave engulfs the troll!
The troll is severely wounded.
The flame wave engulfs the boulder beetle!
The boulder beetle is lightly wounded.
You finish channelling waves of flame.
The troll bites you! The troll claws you! The troll claws you.
* * * LOW HITPOINT WARNING * * *
Casting: Flame Wave (dangerous; 3% risk of failure)
Confirm with . or Enter, or press ? or * to list all spells.
Aiming: Sandblast (safe; 1% risk of failure)
Press: ? - help, Shift-Dir - straight line, f - troll
Aim: a troll (severely wounded, 82% to hit)
The blast of sand hits the troll!
You kill the troll!
Sif Muna accepts your kill.
Your Evocations skill increases to level 2!
The boulder beetle curls into a ball and begins rolling!
The boulder beetle hits you!!!
Ouch! That really hurt!
You die...

####.##.#######.........
#######.# #.........
#.......#######.........
#.............'.........
##..#####.####.#.........
#.....°○°....#.#........#
#...#####○##.#.#........#
#...#####B##.#.##########
#..>....@................
#..########.#######.#####
#..#......#.....###.##.#
#..#.####.#####).[..##.##
#..#.# #.#####..###.....
#..#.# #.........#......
#..#.# ##...##......#...
#..#.# #.....#.#.##.#...
####.####.....#.#.##.####


You could see a boulder beetle (rolling).

Vanquished Creatures
  A centaur warrior (D:10)
  3 two-headed ogres
  Maggie (D:6)
  A komodo dragon (D:7)
  3 trolls
  2 hornets (D:10)
  Grinder (D:5)
  Sigmund (D:6)
  4 steam dragons
  An acid dragon (D:8)
  2 water moccasins
  2 black bears
  An ice beast (D:6)
  4 orc warriors
  4 ogres
  3 necrophages
  4 centaurs
  Blork the orc (D:6)
  2 kobold brigands
  3 bullfrogs
  2 wyvern zombies (D:7)
  2 gnoll sergeants
  5 scorpions
  A wyvern skeleton (D:7)
  A water moccasin zombie (D:6)
  12 killer bees
  15 wights
  4 howler monkeys
  3 jellies
  2 hounds
  2 centaur skeletons
  2 centaur zombies
  7 orc priests
  2 bullfrog skeletons
  A gnoll shaman (D:7)
  7 iguanas
  10 orc wizards
  A killer bee zombie (D:6)
  12 mummies (Ossuary)
  A howler monkey zombie (D:6)
  14 gnolls
  4 adders
  3 white imps
  An ufetubus (D:6)
  An adder skeleton (D:4)
  6 worms
  3 dart slugs
  27 orcs
  8 ball pythons
  7 bats
  4 endoplasms
  A giant cockroach (D:3)
  2 goblins (D:3)
  8 hobgoblins
  2 jackals (D:4)
  16 kobolds
  4 quokkas
  4 frilled lizards
  4 gnoll skeletons (Ossuary)
  2 kobold skeletons (Ossuary)
  2 orc skeletons (Ossuary)
  12 rats
  11 rat skeletons (Ossuary)
282 creatures vanquished.

Vanquished Creatures (others)
  A bat (D:1)
  2 fungi
  5 plants (D:8)
8 creatures vanquished.

Grand Total: 290 creatures vanquished

Notes
Turn   | Place    | Note
-------+----------+-------------------------------------------
     0 | D:1      | hikkokomori the Gargoyle Earth Elementalist began the quest
                  | for the Orb.
     0 | D:1      | Reached XP level 1. HP: 10/10 MP: 3/3
   360 | D:1      | Reached skill level 1 in Transmutations
   360 | D:1      | Reached XP level 2. HP: 11/15 MP: 1/5
   984 | D:2      | Reached skill level 4 in Earth Magic
  1220 | D:2      | Reached XP level 3. HP: 19/19 MP: 2/6
  1584 | D:2      | You fall into a shaft and drop 1 floor!
  1584 | D:3      | Noticed Beepinex's ghost (amateur DsFi)
  1584 | D:3      | Found a runed translucent door.
  1651 | D:3      | Reached XP level 4. HP: 24/24 MP: 3/8
  1976 | D:3      | Reached XP level 5. HP: 8/28 MP: 3/9
  2319 | D:3      | Reached skill level 5 in Earth Magic
  2539 | D:3      | Reached XP level 6. HP: 21/32 MP: 11/11
  2771 | D:4      | Found Keabb's Magic Scroll Boutique.
  2781 | D:4      | Bought a scroll of blinking for 82 gold pieces
  2790 | D:4      | Found a shimmering blue altar of Sif Muna.
  2811 | D:4      | Learned a level 3 spell: Stone Arrow
  2816 | D:4      | Learned a level 4 spell: Flame Wave
  2819 | D:4      | Learned a level 2 spell: Passwall
  2824 | D:4      | Became a worshipper of Sif Muna the Loreminder
  2968 | D:4      | Noticed a necrophage
  2974 | D:4      | Killed a necrophage
  2975 | D:4      | Reached skill level 6 in Earth Magic
  3202 | D:4      | Reached XP level 7. HP: 27/36 MP: 8/12
  3241 | D:4      | Reached skill level 7 in Earth Magic
  3822 | D:4      | Reached skill level 8 in Earth Magic
  4080 | D:5      | Entered Level 5 of the Dungeon
  4080 | D:5      | Found a blossoming altar of Fedhas.
  4126 | D:5      | Found a sand-covered staircase.
  4206 | D:5      | Reached skill level 9 in Earth Magic
  4232 | Ossuary  | Entered an ossuary
  4450 | Ossuary  | Reached * piety under Sif Muna
  4475 | Ossuary  | Reached XP level 8. HP: 29/41 MP: 9/13
  4637 | Ossuary  | Reached skill level 1 in Fighting
  4735 | Ossuary  | Reached skill level 1 in Armour
  4777 | Ossuary  | Reached skill level 1 in Fire Magic
  5021 | Ossuary  | Reached skill level 1 in Maces & Flails
  5205 | D:5      | Reached ** piety under Sif Muna
  5582 | D:5      | Noticed Grinder
  5594 | D:5      | Killed Grinder
  5806 | D:5      | Found a staircase to the Ecumenical Temple.
  6638 | D:6      | Reached XP level 9. HP: 32/51 MP: 2/14
  6646 | D:6      | Noticed Maggie
  6866 | D:6      | Noticed Sigmund
  6876 | D:6      | Killed Sigmund
  6877 | D:6      | Noticed Blork the orc
  7068 | D:6      | Killed Blork the orc
  7084 | D:6      | Killed Maggie
  7338 | D:6      | Reached skill level 1 in Conjurations
  7500 | D:6      | Reached skill level 5 in Fighting
  7720 | D:6      | Reached *** piety under Sif Muna
  7924 | D:6      | Reached skill level 5 in Fire Magic
  7924 | D:6      | Reached XP level 10. HP: 59/59 MP: 16/16
  7991 | D:6      | Found Niecw's Assorted Antiques.
  7994 | D:6      | Bought a worn bone wand for 92 gold pieces
  7994 | D:6      | Bought a jewelled leather armour for 161 gold pieces
  7994 | D:6      | Identified the +3 leather armour "Xoics" {Harm Rampage rN+
                  | Dex+3} (You bought it in a shop on level 6 of the Dungeon)
  8160 | D:6      | Found a sacrificial altar of Ru.
  8174 | D:6      | Reached skill level 5 in Maces & Flails
  8333 | D:6      | Found a shimmering altar of Xom.
  8334 | D:6      | Found a hazy altar of Hepliaklqana.
  8335 | D:6      | Noticed a spectral ugly thing
  8580 | D:7      | Found a runed translucent gate.
  8580 | D:7      | Found a runed translucent gate.
  8580 | D:7      | Found a runed translucent gate.
  8581 | D:7      | Found an opulent altar of Gozag.
  8582 | D:7      | Noticed a red ugly thing
  8582 | D:7      | Noticed suduhmizer's ghost (novice TrEE)
  8583 | D:7      | Noticed a two-headed ogre
  8583 | D:7      | Noticed a white ugly thing
  8945 | D:7      | Reached skill level 5 in Spellcasting
  9386 | D:8      | Noticed a two-headed ogre
  9612 | D:8      | Killed a two-headed ogre
  9614 | D:8      | Reached **** piety under Sif Muna
  9917 | D:8      | Found a sparkling altar of Nemelex Xobeh.
  9917 | D:8      | Found a stormy altar of Qazlal.
  9971 | D:8      | Found an iron altar of Okawaru.
 10003 | D:8      | Found a burning altar of Makhleb.
 10127 | D:8      | Found a staircase to the Lair.
 10379 | D:8      | Found a glowing golden altar of the Shining One.
 10655 | D:9      | Noticed a two-headed ogre
 10663 | D:9      | Reached skill level 5 in Conjurations
 10671 | D:9      | Killed a two-headed ogre
 10672 | D:9      | Reached XP level 11. HP: 11/67 MP: 0/18
 11345 | D:9      | Identified the +0 pair of gloves "Five" {rF+ Will- Str+2}
 11718 | D:9      | Identified the +2 leather armour of Privacy {rC+++ Int-5
                  | Dex+4}
 11971 | D:10     | Entered Level 10 of the Dungeon
 12016 | D:10     | Noticed a centaur warrior
 12023 | D:10     | Killed a centaur warrior
 12697 | D:10     | Reached ***** piety under Sif Muna
 12698 | D:10     | Reached skill level 1 in Evocations
 13352 | D:11     | Noticed a two-headed ogre
 13354 | D:11     | Noticed a boulder beetle
 13358 | D:11     | Killed a two-headed ogre
 13359 | D:11     | Reached skill level 1 in Invocations
 13691 | D:10     | Annihilated by a boulder beetle

Illustrated notes

Levels and vault maps discovered:
D:1:      matt_arrival_spirals, layout_basic, minmay_quantized
D:2:      layout_rooms, uniq_crazy_yiuf_cottage
D:3:      layout_rooms, gammafunk_ghost_grave, kennysheep_generic_room_9
D:4:      layout_cave_pods, led_sif_book, serial_shops, shop, minmay_bisected
D:5:      layout_basic, fedhas_altar_2, minmay_temple_entry_mini_moons,
          enter_ossuary_1, uniq_grinder
D:6:      minmay_polygon_palace, layout_cave_pools,
          regret_index_temple_of_mockery, lemuel_coloured_pillars_altar,
          serial_shops, kennysheep_mini_moat, uniq_maggie, uniq_blork_the_orc,
          uniq_sigmund
D:7:      layout_rooms, ebering_ghost_gozag, dk_noncrumbling_4
D:8:      layout_loops_cross, mainiacjoe_overflow_surrounded_room,
          mainiacjoe_overflow_catwalk, tso_metal_star,
          amethyst_overflow_temple_binary, dpeg_oklobed_lair
D:9:      layout_loops_cross, minmay_circle_x
D:10:     layout_basic
D:11:     layout_cave_pools, erik_orc_1, ebering_ghost_reflecting_pool,
          nicolae_trove_entry_path_of_doom

Skill      XL: |  1  2  3  4  5  6  7  8  9 10 11 |
---------------+----------------------------------+-----
Transmutations | 1 |  1.0
Earth Magic    | 4 5 6 9 |  9.1
Stealth        | 3 4 |  4.6
Spellcasting   | 3 4 5 |  5.0
Fighting       | 3 5 7 8 |  8.4
Armour         | 3 4 |  4.6
Fire Magic     | 3 5 6 7 |  7.3
Maces & Flails | 3 4 6 7 |  7.2
Conjurations   | 2 5 6 |  6.6
Evocations     | 2 |  2.1
Invocations    | 1 |  1.6
Dodging        | |  1.7

Action                   |  1- 3 |  4- 6 |  7- 9 | 10-12 || total
-------------------------+-------+-------+-------+-------++-------
Melee: Unarmed           |    29 |       |       |       ||    29
       Short sword       |    15 |     7 |       |       ||    22
       Mace              |       |     1 |       |       ||     1
       Flail             |       |    50 |   237 |   169 ||   456
       Punch             |       |       |       |     2 ||     2
 Cast: Sandblast         |    53 |    30 |    49 |    35 ||   167
       Stone Arrow       |       |       |    48 |    64 ||   112
       Flame Wave        |       |       |       |    12 ||    12
Evoke: Wand              |       |       |       |     1 ||     1
  Use: Scroll            |       |     3 |    13 |     4 ||    20
       Potion            |       |       |     1 |       ||     1
 Stab: Sleeping          |     4 |     5 |     7 |     3 ||    19
Armor: Robe              |    20 |    24 |    59 |       ||   103
       Steam dragon scal |       |       |    28 |   152 ||   180
Dodge: Dodged            |    30 |    45 |   176 |   187 ||   438
